 Dungeon Crawl Stone Soup version 0.10.0-32-gfa280cc character file.

2137120 Kaldrys the Petrodigitator (level 27, 211/269 HPs)
             Began as a Deep Dwarf Earth Elementalist on Mar 9, 2012.
             Was the Champion of Makhleb.
             Escaped with the Orb
             ... and 5 runes on Mar 23, 2012!
             The game lasted 17:20:29 (146115 turns).

Kaldrys the Petrodigitator (DDEE)                 Turns: 146115, Time: 17:20:29

HP 211/269       AC 40     Str 15      XL: 27
MP  35/51        EV 18     Int 31      God: Makhleb [******]
Gold 11039       SH 18     Dex 16      Spells: 13 memorised,  5 levels left

Res.Fire  : + . .   See Invis. : +   H - staff of power
Res.Cold  : + . .   Warding    : . . o - +10 pearl dragon armour
Life Prot.: + + .   Conserve   : +   l - +2 elf buckler
Res.Acid. : + . .   Res.Corr.  : +   S - +2 wizard hat
Res.Poison: .       Clarity    : +   x - +1 elf cloak {rCorr, Cons}
Res.Elec. : .       Spirit.Shd : .   s - +1 pair of gauntlets
Sust.Abil.: . .     Stasis     : .   K - +2 pair of boots {run}
Res.Mut.  : +       Ctrl.Telep.: x   i - amulet of resist mutation
Res.Rott. : .       Levitation : .   p - ring "Jyppuc" {+Blink rF+ rC+ SInv}
Saprovore : . . .   Ctrl.Flight: .   C - ring of the Mage {Wiz MR Int+3}

@: non-regenerating, quick, incredibly resistant to hostile enchantments,
unstealthy
A: damage resistance, recharge devices, antennae 1, clarity, -10% mp, life
protection 1, sense surroundings 3, slow healing 3, wild magic 1, AC +2, Str +2,
Dex +3
a: Device Recharging, Minor Destruction, Lesser Servant of Makhleb, Major
Destruction, Greater Servant of Makhleb, Renounce Religion, Evoke Blink
}: 5/15 runes: decaying, barnacled, slimy, silver, iron


You escaped.
You worshipped Makhleb.
Makhleb was exalted by your worship.
You were not hungry.

You visited 14 branches of the dungeon, and saw 88 of its levels.
You visited the Abyss 2 times.
You visited 1 Labyrinth.
You visited 1 bazaar.
You visited 4 portal chambers: spiders nest, ice cave, bailey, wizlab.

You collected 13374 gold pieces.
You spent 2355 gold pieces at shops.

Inventory:

Hand weapons
 Y - the +4,+6 quarterstaff of Tension {pain, rElec rC+}
   (You found it on level 5 of the Crypt)

   In the hands of one skilled in necromantic magic, it inflicts extra damage on
   living creatures.
   It protects you from cold.
   It insulates you from electricity.
Armour
 l - a +2 elven buckler (worn)
 o - a +10 pearl dragon armour (worn)
 s - a +1 pair of gauntlets (worn)
 x - a +1 elven cloak of preservation (worn)
 K - a +2 pair of boots of running (worn)
 S - a +2 wizard hat (worn)
Magical devices
 a - a wand of heal wounds (7)
 t - a wand of digging (9)
 u - a wand of hasting (8)
 z - a wand of teleportation (7)
Comestibles
 d - 5 meat rations
 r - 3 royal jellies
Scrolls
 c - 4 scrolls of blinking
 f - a scroll of recharging
 j - a scroll of enchant weapon III
 k - 2 scrolls of identify
 F - 2 scrolls of teleportation
Jewellery
 i - an amulet of resist mutation (around neck)
 p - the ring "Jyppuc" (right hand) {+Blink rF+ rC+ SInv}
   (You found it on level 4 of the Elven Halls)

   [ring of protection from cold]

   It protects you from fire.
   It enhances your eyesight.
   It lets you blink.
 q - the ring "Quoze" {+Lev Dex+3 Int+5}
   (You found it on level 6 of the Pits of Slime)

   [ring of levitation]

   It affects your intelligence (+5).
   It affects your dexterity (+3).
 A - the ring "Jexzecau" {+Lev rF+ rC- rN+ Dam+6}
   (You found it on level 7 of the Iron City of Dis)

   [ring of protection from fire]

   It affects your damage-dealing abilities (+6).
   It makes you vulnerable to cold.
   It protects you from negative energy.
   It lets you levitate.
 C - the ring of the Mage (left hand) {Wiz MR Int+3}
   (You found it on level 2 of the Swamp)

   [ring of wizardry]

   It affects your intelligence (+3).
   It increases your resistance to enchantments.
 E - the ring "Skaff" {Hunger- rF+}
   (You found it on level 5 of the Elven Halls)

   [ring of sustenance]

   It protects you from fire.
 J - an uncursed amulet of warding
 L - an uncursed ring of sustain abilities
 V - the ring of Lugonu's Approval {rF+ rC++ Dex-3}
   (You found it on level 5 of the Crypt)

   [ring of dexterity]

   It affects your dexterity (-3).
   It protects you from fire.
   It greatly protects you from cold.
Potions
 e - 2 potions of agility
 g - 2 potions of curing
 h - a potion of heal wounds
 n - 2 potions of might
Books
 B - a Necronomicon WARNING: If you fail in an attempt to memorise a spell from this book, the book will lash out at you.

   Spells                             Type                      Level
   Borgnjor's Revivification          Necromancy                   7
   Haunt                              Necromancy/Summoning         7
   Death's Door                       Charms/Necromancy            8
   Necromutation                      Transmutation/Necromancy     8
Magical staves
 H - a staff of power (weapon)
Orbs of Power
 b - the Orb of Zot
Miscellaneous
 m - the horn of Geryon
 U - a lantern of shadows


   Skills:
 * Level 18.8 Fighting
 - Level 12.1 Staves
 - Level 16.0 Armour
 - Level 16.0 Dodging
 - Level 7.2 Stealth
 - Level 14.0 Shields
 - Level 11.0 Traps & Doors
 + Level 20.5 Spellcasting
 - Level 15.0 Conjurations
 - Level 11.0 Summonings
 * Level 19.9 Necromancy
 - Level 13.0 Translocations
 * Level 10.9 Transmutations
 O Level 27 Earth Magic
 - Level 14.0 Invocations


You had 5 spell levels left.
You knew the following spells:

 Your Spells              Type           Power        Failure   Level  Hunger
a - Summon Butterflies    Summ           #########    1%          1    None
b - Stoneskin             Erth/Trmt      #########.   1%          2    None
c - Passwall              Erth/Trmt      #########.   1%          3    None
e - Lee's Rapid Deconstr  Erth           #########.   1%          5    None
f - Sublimation of Blood  Necr           #########.   1%          2    None
g - Petrify               Erth/Trmt      #########    1%          4    None
h - Dig                   Erth/Trmt      #########    1%          4    None
i - Dispel Undead         Necr           #########    1%          5    None
j - Controlled Blink      Tloc           N/A          13%         7    Choko
k - Lehudib's Crystal Sp  Erth/Conj      #########.   5%          8    Honeycomb
l - Shatter               Erth           #########.   13%         9    Honeycomb
m - Mass Abjuration       Summ           #########.   7%          6    None
n - Iron Shot             Erth/Conj      #########.   1%          6    None


Dungeon Overview and Level Annotations

Branches:
Dungeon (27/27)            Temple (1/1) D:5             Orc (4/4) D:8
    Elf (5/5) Orc:4          Lair (8/8) D:11          Swamp (5/5) Lair:3
 Shoals (5/5) Lair:5        Slime (6/6) Lair:8        Vault (8/8) D:19
  Blade (1/1) Vault:5       Crypt (5/5) Vault:2        Tomb (0/3) Crypt:3
   Hell (1/1)                 Dis (7/7) Hell            Coc (0/7) Hell
    Zot (5/5) D:27
    Geh: Hell:1         Tar: Hell:1

Altars:
Ashenzari
Cheibriados
Elyvilon
Fedhas
Kikubaaqudgha
Makhleb
Nemelex Xobeh
Okawaru
Sif Muna
The Shining One
Trog
Vehumet
Xom
Yredelemnul
Zin
Beogh

Shops:
D:7: + D:8: / D:11: / D:15: [ D:16: = D:25: / Orc:1: ! Orc:4: [/([ Elf:1: /[!** Elf:2: % Elf:3: [+ Elf:4: ! Vault:4: ( Vault:6: ( Vault:8: ??=/(!!!

Portals:
Hell: D:21 D:22 D:23 D:24 D:25 D:26 D:27
Abyss: D:25
Pan: D:24
Trove: D:17 (give 2 scrolls of acquirement)
Ziggurat: D:21 (4450 gp) D:27 (5170 gp)

Annotations
D:5 figs' ghost, average DEWz
Swamp:4 Rupert
Crypt:5 exclusion: statue


Innate Abilities, Weirdness & Mutations

You are resistant to damage.
You can recharge devices by infusing magical energy.
You resist negative energy.
You passively map a large area around you.
You do not heal naturally.
You have a pair of small antennae on your head.
You are partially covered in rugged brown scales (AC +2, +3% HP).
You are agile (Dex +3).
You possess an exceptional clarity of mind.
Your magical capacity is low (-10% MP).
Your muscles are strong (Str +2).
Your spells are a little harder to cast, but a little more powerful.


Message History

Confirm with . or Enter, or press ? or * to list all spells.
Aiming: Iron Shot
Press: ? - help, Shift-Dir - straight line, f - sixfirhy
Aim: a sixfirhy The iron shot misses the sixfirhy.
The sixfirhy hits you but does no damage.
Casting: Iron Shot
Confirm with . or Enter, or press ? or * to list all spells.
Aiming: Iron Shot
Press: ? - help, Shift-Dir - straight line, f/p - sixfirhy
Aim: a sixfirhy The iron shot hits the sixfirhy.
You kill the sixfirhy!
Makhleb accepts your kill.
You feel a little better.
Unknown command.
There is a staircase leading out of the dungeon here.
Okay, then.
Are you sure you want to win?
You have escaped!

#.###.##############.######.####≈
#)###.##############.######.# #≈
............................# #≈≈
#.###.##############........# #≈≈
#.###.### #........# #≈#
#.......# #.###########*
#.......# #.........#
#.......############)........#
#>..............@............#
........######################
#.......# #########


There were no monsters in sight!

Vanquished Creatures
  the royal jelly (Slime:6)
  5 orbs of fire (Zot:5)
  3 ancient liches
  Saint Roka (Vault:1)
  Boris (Vault:8)
  2 curse toes
  the Lernaean hydra (Swamp:5)
  Norris (D:18)
  The ghost of Vidiiot the Wrestler, a great MiDK of Yredelemnul (Zot:2)
  Margery (Vault:3)
  3 Killer Klowns
  Geryon (Hell)
  5 golden dragons
  An electric golem (Zot:5)
  Frederick (Vault:3)
  4 Brimstone Fiends (Dis:7)
  The ghost of Venekor the Gelid, a mighty HuAE of Vehumet (Vault:6)
  The ghost of PaulusMax the Archmage, a mighty DEFE of Sif Muna (Vault:5)
  19 Orb Guardians (Zot:5)
  A quicksilver dragon (shapeshifter) (D:26)
  A titan (Vault:8)
  A quicksilver dragon (Vault:7)
  A ghost moth (Zot:2)
  2 deep elf blademasters (Elf:5)
  15 acid blobs
  5 liches
  16 shadow dragons
  4 sphinxes
  Kirke (Swamp:4)
  14 storm dragons
  A kraken (Shoals:5)
  5 Ice Fiends
  Agnes (Vault:1)
  3 Shadow Fiends
  2 daevas
  5 draconian monks
  Aizul (Swamp:2)
  10 ghouls
  4 frost giants
  An azure jelly (shapeshifter) (Vault:8)
  4 draconian knights
  4 iron dragons
  11 bone dragons
  2 orc warlords
  Wiglaf (Swamp:4)
  An Executioner (Dis:7)
  Louise (Elf:4)
  6 draconian scorchers
  10 draconian zealots
  11 tentacled monstrosities
  5 fire giants
  62 stone giants
  2 draconian annihilators
  12 azure jellies
  5 draconian shifters (Zot:4)
  3 curse skulls
  A Green Death (Vault:5)
  4 draconian callers
  2 green draconians
  5 grey draconians
  9 deep elf sorcerers
  10 mottled draconians
  8 yellow draconians
  Jozef (D:13)
  14 deep elf annihilators
  2 black draconians
  Azrael (D:19)
  3 red draconians
  6 deep elf death magi
  8 pale draconians
  5 white draconians
  2 deep elf master archers (Elf:5)
  3 blizzard demons
  24 purple draconians
  A salamander (Hell)
  20 reapers
  A minotaur (Lab)
  Snorg (D:16)
  An anaconda (shapeshifter) (Vault:8)
  2 dragons (shapeshifter)
  5 great orbs of eyes
  16 ettins
  7 eidola (Crypt:5)
  51 yaktaur captains
  2 titan skeletons
  2 mummy priests
  13 dragons
  A human skeleton (Zot:5)
  3 spectral storm dragons (Crypt:2)
  29 vault guards
  2 sirens (Shoals:5)
  5 death oozes (Slime:6)
  A golden dragon zombie (Crypt:5)
  3 merfolk aquamancers (Shoals:5)
  2 hydras (shapeshifter)
  Erica (D:12)
  31 hydras
  Harold (D:16)
  3 merfolk javelineers (Shoals:5)
  Josephine (D:13)
  6 death cobs
  A lorocyproca (D:4)
  6 ogre magi
  Polyphemus (Shoals:1)
  8 ice dragons
  7 deep elf demonologists
  Nessos (D:16)
  An anaconda skeleton (Crypt:4)
  2 sphinx zombies
  A spriggan druid (Lair:8)
  5 orc high priests
  8 merfolk impalers
  2 golden dragon skeletons
  7 alligators
  The ghost of tsouns the Grappler, an experienced TrBe of Trog (Abyss)
  An iron dragon zombie (Vault:8)
  15 death yaks
  3 frost giant zombies
  8 stone giant zombies
  17 dancing weapons
  A rakshasa (Abyss)
  7 very ugly things
  11 deep elf high priests
  25 deep trolls
  3 fire giant zombies
  10 hell hogs
  A shadow dragon skeleton (Vault:5)
  4 frost giant skeletons
  3 sun demons
  A fire giant skeleton (Vault:4)
  An iron dragon skeleton (Crypt:5)
  2 iron golems (Hell)
  4 shadow wraiths
  A deep troll (shapeshifter) (D:26)
  70 skeletal warriors
  23 centaur warriors
  12 stone giant skeletons
  7 iron trolls
  23 deep elf knights
  An elephant slug zombie (Crypt:5)
  11 soul eaters
  5 large abominations
  A pale draconian zombie (Crypt:5)
  4 unseen horrors
  A shadow demon (Dis:7)
  23 hell knights
  5 ice devils
  2 black draconian zombies (Abyss)
  11 swamp dragons
  14 flayed ghosts
  3 iron troll zombies
  16 necromancers
  An ice statue (Port)
  A lindwurm (Lair:8)
  5 hill giants
  3 sea snakes
  Pikel (D:7)
  A giant orange brain (Slime:6)
  The ghost of Tirias the Cleaver, an experienced MiBe of Trog (D:8)
  A death yak skeleton (Crypt:5)
  A red draconian skeleton (Crypt:3)
  7 spiny worms
  A siren zombie (Crypt:1)
  A green draconian skeleton (Dis:7)
  Joseph (D:11)
  2 hydra zombies
  2 death drake zombies
  12 giant amoebae
  A harpy (shapeshifter) (D:18)
  17 phantasmal warriors
  25 orc knights
  A guardian serpent (shapeshifter) (Vault:8)
  5 red wasps
  A red wasp (shapeshifter) (D:27)
  3 shining eyes (shapeshifter)
  A harpy skeleton (D:22)
  4 hellions
  9 statues
  A hill giant (shapeshifter) (Vault:8)
  3 iron troll skeletons
  4 orc sorcerers
  16 harpies
  A harpy zombie (D:20)
  20 moths of wrath
  A guardian serpent zombie (Crypt:5)
  An ettin zombie (Crypt:5)
  A minotaur skeleton (Crypt:1)
  3 fire crabs
  2 spiny worms (shapeshifter)
  4 shining eyes
  6 sixfirhies
  A wolf spider zombie (Crypt:5)
  Maurice (Orc:1)
  9 griffons
  2 hydra skeletons
  3 dragon zombies
  2 death drake skeletons
  3 elf zombies (Elf:5)
  2 ice dragon zombies
  12 feature mimics
  20 cyclopes
  A spectral dragon (Crypt:2)
  A guardian serpent skeleton (Crypt:5)
  2 orange demons
  2 stone giant simulacra
  2 eyes of devastation (shapeshifter)
  An elephant slug (Lair:8)
  5 spiny worm zombies
  A black mamba (shapeshifter) (D:14)
  84 slime creatures
  4 ettin skeletons
  6 spiny frogs
  3 black mambas
  2 trapdoor spiders
  A wolf spider (Vault:5)
  2 eyes of devastation
  An alligator skeleton (Crypt:5)
  2 spectral ice dragons (Crypt:2)
  3 griffon skeletons
  2 ice dragon skeletons
  A trapdoor spider (shapeshifter) (Vault:8)
  2 hill giant zombies (Crypt:5)
  9 tormentors
  6 hellwings
  93 yaktaurs
  14 rock trolls
  An emperor scorpion zombie (Hell)
  16 mermaids
  A spriggan zombie (Crypt:5)
  8 guardian mummies
  2 smoke demons
  An elf (shapeshifter) (Elf:3)
  8 hell beasts
  8 spriggans (Lair:8)
  An elf skeleton (Vault:8)
  8 redbacks
  Sonja (D:10)
  2 rock troll zombies
  8 komodo dragons
  4 hill giant skeletons
  Prince Ribbit (D:4)
  3 spriggans (shapeshifter)
  A deep troll zombie (D:16)
  19 polar bears (Port)
  23 iron devils
  3 queen bees
  11 snapping turtles
  A blink frog (shapeshifter) (Vault:4)
  133 ugly things
  16 two-headed ogres
  4 deep dwarf necromancers (Crypt:5)
  19 blink frogs
  7 bog mummies
  2 raven skeletons (Crypt:5)
  21 trolls
  An octopode (shapeshifter) (D:16)
  2 giant fireflies (Lair:8)
  3 grizzly bears (Lair:8)
  5 deep troll skeletons
  11 brown oozes
  5 baby alligators
  A snapping turtle (shapeshifter) (Vault:5)
  A raven (shapeshifter) (Vault:3)
  A demonic crawler (Vault:5)
  5 vampires
  5 basilisks
  11 blue devils
  A lindwurm zombie (Crypt:2)
  2 rotting hulks
  4 bumblebees (Vault:7)
  2 merfolk zombies
  6 human zombies
  3 wyverns
  3 chaos spawn
  A guardian serpent simulacrum (Crypt:5)
  21 deep elf conjurers
  A hairy devil (Elf:5)
  3 hogs (Swamp:4)
  17 hippogriffs
  3 ynoxinuls
  Eustachio (D:8)
  A wood golem (D:13)
  A lindwurm skeleton (Crypt:2)
  4 sharks
  5 hungry ghosts
  3 neqoxecs (Abyss)
  4 merfolk (shapeshifter)
  A blink frog skeleton (D:10)
  12 wraiths
  45 merfolk
  3 fire drakes
  26 metal gargoyles
  4 water elementals (Shoals:5)
  An item mimic (Zot:4)
  7 fire elementals
  A fire drake (shapeshifter) (D:20)
  A war dog (Swamp:1)
  28 vampire mosquitoes
  5 golden eyes (Slime:5)
  A rock worm (D:22)
  3 soldier ants (D:16)
  A giant slug zombie (Crypt:5)
  37 deep elf fighters
  4 yaktaur zombies
  73 yaks
  13 deep elf summoners
  Edmund (D:8)
  19 manticores
  3 molten gargoyles (Elf:2)
  A draconian zombie (Crypt:1)
  A manticore zombie (D:14)
  58 swamp worms
  5 small abominations
  4 spatial vortices (Dis:7)
  Menkaure (D:5)
  A mermaid skeleton (Crypt:1)
  4 jumping spiders
  3 komodo dragon skeletons
  6 insubstantial wisps (Swamp:1)
  3 mottled dragons
  15 freezing wraiths
  23 hell hounds
  13 necrophages
  5 sky beasts
  A wyvern skeleton (Crypt:5)
  2 yaktaur skeletons
  5 tengu (Shoals:1)
  A deep dwarf zombie (Crypt:5)
  A yellow wasp (shapeshifter) (D:26)
  12 deep elf priests
  5 phantoms
  A cyclops skeleton (D:16)
  2 rock worm zombies (Crypt:2)
  2 troll zombies
  8 black bears
  2 yellow wasps
  3 boring beetles
  A polar bear zombie (Crypt:5)
  2 yak zombies
  36 ogres
  4 red devils (Hell)
  5 ice beasts
  A polar bear skeleton (Crypt:5)
  6 crocodiles
  A boring beetle (shapeshifter) (Elf:2)
  7 big kobolds
  35 deep elf magi
  3 giant goldfish
  69 orc warriors
  19 swamp drakes
  A naga (shapeshifter) (Vault:8)
  A grizzly bear skeleton (Crypt:3)
  An ogre (shapeshifter) (D:16)
  Duvessa (D:4)
  6 wargs
  39 wolves
  A giant slug (shapeshifter) (D:16)
  8 giant slugs
  A soldier ant zombie (D:13)
  2 centaur zombies
  24 giant frogs
  A brain worm (D:16)
  A brain worm (shapeshifter) (Vault:8)
  A cyclops simulacrum (D:16)
  17 water moccasins
  42 centaurs
  2 tarantellas (Port)
  15 rotting devils
  A tarantella (shapeshifter) (Vault:8)
  A gnoll sergeant (D:21)
  A giant leech (shapeshifter) (Vault:8)
  A giant frog skeleton (Crypt:4)
  8 giant leeches
  6 agate snails
  3 humans (shapeshifter)
  An earth elemental (Elf:2)
  A water moccasin skeleton (Crypt:1)
  A black bear skeleton (Crypt:5)
  2 two-headed ogre skeletons
  A rock worm simulacrum (D:27)
  3 eyes of draining
  A basilisk skeleton (D:15)
  12 boulder beetles
  A giant leech zombie (Crypt:5)
  A killer bee zombie (D:14)
  165 killer bees
  3 lava fish (Hell)
  13 electric eels
  13 shadows
  A jellyfish (Lair:7)
  54 wights
  A pulsating lump (Slime:6)
  2 felid zombies
  2 goliath beetles (shapeshifter) (Vault:8)
  A spider (Crypt:5)
  3 brain worm zombies
  10 iron imps
  5 big kobold zombies
  A crocodile skeleton (Crypt:3)
  A demigod zombie (Crypt:2)
  Dowan (D:4)
  4 big kobold skeletons
  4 goliath beetles
  A boulder beetle simulacrum (Abyss)
  21 crimson imps
  59 orc priests
  2 quasits
  18 hounds
  10 big fish
  7 porcupines
  41 deep elf soldiers
  10 iguanas
  An iguana (shapeshifter) (Vault:8)
  An orange rat (Vault:5)
  10 scorpions
  2 worker ant zombies
  5 orange rat zombies (Hell)
  22 orc wizards
  9 worker ants
  2 orange rat skeletons (Hell)
  2 swamp drake skeletons
  3 big fish zombies
  32 sheep
  A sheep (shapeshifter) (Vault:7)
  A boggart (shapeshifter) (Vault:8)
  3 boggarts (D:19)
  A big fish skeleton (D:14)
  19 jellies
  2 goliath beetle zombies
  Terence (D:3)
  18 flying skulls
  6 mummies
  5 midges
  35 adders
  An iguana zombie (Dis:2)
  7 lemures
  A gnoll (shapeshifter) (Vault:8)
  22 gnolls
  58 green rats
  A sheep zombie (Dis:7)
  3 white imps (Abyss)
  An electric eel zombie (Hell)
  22 giant centipedes
  4 adder skeletons
  A giant centipede zombie (D:13)
  2 giant mites
  4 iguana skeletons
  A porcupine skeleton (Crypt:3)
  9 worms
  14 ufetubi
  An adder simulacrum (D:18)
  5 grey rats
  A bat skeleton (D:6)
  A bat zombie (D:17)
  4 giant eyeballs
  A giant mite zombie (Crypt:2)
  14 giant geckos
  A gnoll skeleton (Crypt:5)
  A green rat skeleton (Crypt:3)
  A green rat zombie (Dis:7)
  10 oozes
  An orc (shapeshifter) (Vault:8)
  255 orcs
  3 ball pythons
  49 bats
  9 giant cockroaches
  42 goblins
  27 hobgoblins
  31 jackals
  A quokka (shapeshifter) (D:16)
  11 quokkas
  16 giant newts
  A giant newt skeleton (Crypt:3)
  3 giant spores
  A grey rat skeleton (Crypt:5)
  A hobgoblin skeleton (D:5)
  A hobgoblin zombie (D:6)
  A jackal skeleton (Dis:1)
  59 kobolds
  A kobold (shapeshifter) (Vault:8)
  A kobold skeleton (Crypt:1)
  4 orc skeletons
  12 orc zombies
  40 rats
  A rat simulacrum (Crypt:5)
  A rat skeleton (Crypt:5)
  30 ballistomycetes
  3 butterflies
  3 fungi
  9 plants
  A tentacle (Shoals:5)
  A tentacle segment (Shoals:5)
  99 toadstools
4371 creatures vanquished.

Vanquished Creatures (collateral kills)
  Dispater (Dis:7)
  Frances (Swamp:3)
  Ilsuiw (Shoals:4)
  Donald (Orc:4)
  A cacodemon (Dis:7)
  A Green Death (Crypt:2)
  2 death oozes (Slime:6)
  A merfolk javelineer (Shoals:4)
  An ice dragon (Lair:5)
  A lorocyproca (Hell)
  2 orc high priests (Orc:4)
  A sun demon (Orc:4)
  A soul eater (Dis:7)
  An ice dragon zombie (Dis:7)
  8 orc zombies (Orc:4)
  A hellwing (Orc:4)
  A redback (Port)
  A smoke demon (Crypt:4)
  An iron devil (Dis:7)
  3 polar bears (Lair:5)
  2 silent spectres
  A snapping turtle (Shoals:5)
  5 blue devils
  A chaos spawn (Orc:4)
  A yak (Lair:5)
  2 vampire mosquitoes (Swamp:3)
  4 water elementals
  A neqoxec (Orc:4)
  A rotting devil (Swamp:3)
  2 giant frogs
  2 killer bees (D:14)
  4 killer bee zombies (D:14)
  3 orc priests (Orc:4)
  9 scorpions (Port)
  3 green rats (Lair:3)
  3 orcs (Orc:4)
  2 hobgoblins (Orc:4)
  A bat (Lair:5)
  2 orc skeletons (Orc:4)
  A ballistomycete (D:14)
81 creatures vanquished.

Vanquished Creatures (others)
  Nikola (Elf:4)
  A ghost moth (Zot:3)
  2 Executioners
  3 balrugs
  A blizzard demon (Vault:2)
  A centaur warrior (Vault:3)
  A hell hog (Hell)
  A pale draconian skeleton (Crypt:5)
  A cyclops (D:23)
  4 orange demons
  A spiny frog (Lair:7)
  2 smoke demons
  3 polar bears (Port)
  A redback zombie (Port)
  A yak (Port)
  3 neqoxecs
  A hell hound (Dis:2)
  A wolf zombie (Crypt:2)
  An ogre (D:7)
  A troll skeleton (Crypt:5)
  A deep elf mage (Vault:3)
  A brain worm (D:27)
  A wolf (Port)
  A basilisk zombie (Dis:7)
  A giant frog skeleton (Crypt:2)
  A wight (Dis:3)
  2 shadows
  3 quasits
  4 iron imps
  2 jellies
  An orange rat zombie (Hell)
  A porcupine (Lair:3)
  2 green rats (Lair:3)
  6 scorpion zombies (Port)
  11 giant centipede zombies
  2 white imps (D:14)
  An ufetubus (D:14)
  8 orcs
  A hobgoblin (D:22)
  2 jackals (D:26)
  8 kobolds
  A giant newt (D:10)
  A giant spore (D:8)
  A goblin (D:7)
  A hobgoblin zombie (Dis:7)
  An orc zombie (Orc:4)
  3 rats
  4 butterflies
  5 fungi
  18 plants
  11 tentacles
  311 tentacle segments
  174 toadstools
622 creatures vanquished.

Grand Total: 5074 creatures vanquished

Notes
Turn   | Place    | Note
--------------------------------------------------------------
     0 | D:1      | Kaldrys, the Deep Dwarf Earth Elementalist, began the quest for the Orb.
     0 | D:1      | Reached XP level 1. HP: 15/15 MP: 3/3
   316 | D:1      | Reached XP level 2. HP: 14/22 MP: 0/4
   718 | D:1      | Learned a level 2 spell: Stoneskin
  1078 | D:1      | Reached XP level 3. HP: 15/28 MP: 1/6
  1690 | D:2      | Reached skill level 5 in Earth Magic
  2275 | D:2      | Reached XP level 4. HP: 19/36 MP: 8/8
  2650 | D:2      | Gained mutation: You possess an exceptional clarity of mind.
  2650 | D:2      | Gained mutation: Your spells are a little harder to cast, but a little more powerful.
  2650 | D:2      | Gained mutation: Your magical capacity is low (-10% MP).
  2898 | D:3      | Reached XP level 5. HP: 29/42 MP: 1/9
  3144 | D:3      | Learned a level 3 spell: Passwall
  3225 | D:3      | Noticed Terence
  3260 | D:3      | Killed Terence
  3260 | D:3      | Reached skill level 6 in Earth Magic
  3658 | D:4      | Reached XP level 6. HP: 37/49 MP: 8/12
  3740 | D:4      | Noticed Prince Ribbit
  3834 | D:4      | Killed Prince Ribbit
  3834 | D:4      | Reached skill level 5 in Dodging
  3834 | D:4      | Reached XP level 7. HP: 41/55 MP: 8/15
  3969 | D:4      | Noticed Duvessa
  3972 | D:4      | Noticed Dowan
  3978 | D:4      | Killed Duvessa
  3978 | D:4      | Reached skill level 7 in Earth Magic
  3981 | D:4      | Killed Dowan
  4180 | D:5      | Entered Level 5 of the Dungeon
  4339 | D:5      | Learned a level 3 spell: Stone Arrow
  4352 | D:5      | Found a white marble altar of Elyvilon.
  4400 | D:5      | Noticed figs' ghost (average DEWz)
  4445 | D:5      | Gained mutation: You are agile (Dex +1).
  4468 | D:5      | Reached skill level 5 in Spellcasting
  4487 | D:5      | Found a staircase to the Ecumenical Temple.
  4514 | Temple   | Entered the Ecumenical Temple
  4625 | Temple   | Became a worshipper of Makhleb the Destroyer
  4661 | D:5      | Noticed Menkaure
  5025 | D:5      | Reached skill level 8 in Earth Magic
  5025 | D:5      | Reached XP level 8. HP: 41/62 MP: 4/17
  5298 | D:5      | Acquired Makhleb's first power
  5452 | D:5      | Killed Menkaure
  5452 | D:5      | Reached skill level 1 in Conjurations
  5718 | D:6      | Reached skill level 1 in Transmutations
  6127 | D:6      | Acquired Makhleb's second power
  6699 | D:7      | Reached skill level 1 in Invocations
  6894 | D:7      | Noticed Pikel
  6944 | D:7      | Killed Pikel
  6944 | D:7      | Reached skill level 9 in Earth Magic
  6944 | D:7      | Gained mutation: You passively map the area around you.
  6944 | D:7      | Reached XP level 9. HP: 27/68 MP: 3/18
  7083 | D:7      | Found Psoha's Book Boutique.
  7119 | D:7      | Learned a level 5 spell: Lee's Rapid Deconstruction
  7355 | D:7      | Acquired Makhleb's third power
  7377 | D:7      | Reached skill level 1 in Armour
  7536 | D:7      | Found a bloodstained altar of Trog.
  7891 | D:8      | Found Psefaz's Magical Wand Shop.
  8078 | D:8      | Noticed Eustachio
  8245 | D:8      | Killed Eustachio
  8390 | D:8      | Noticed Tirias' ghost (experienced MiBe)
  8705 | D:8      | Killed Tirias' ghost
  8705 | D:8      | Reached XP level 10. HP: 59/75 MP: 3/20
  8717 | D:8      | Found a staircase to the Orcish Mines.
  8910 | D:8      | Reached skill level 10 in Earth Magic
  8943 | D:8      | Noticed Edmund
  8957 | D:8      | Killed Edmund
  9106 | D:8      | Acquired Makhleb's fourth power
  9139 | D:8      | Noticed a red ugly thing
  9177 | D:8      | Killed a red ugly thing
  9821 | D:8      | Learned a level 2 spell: Sublimation of Blood
 10085 | D:9      | Reached skill level 1 in Necromancy
 10496 | D:9      | Acquired Makhleb's fifth power
 10579 | D:9      | Reached skill level 1 in Fighting
 10937 | D:10     | Entered Level 10 of the Dungeon
 11107 | D:10     | Reached skill level 5 in Conjurations
 11704 | D:10     | Reached skill level 5 in Invocations
 11754 | D:10     | Learned a level 4 spell: Petrify
 11800 | D:10     | Noticed Sonja
 12166 | D:10     | Reached XP level 11. HP: 62/85 MP: 0/22
 12806 | D:10     | Killed Sonja
 13360 | D:11     | Reached skill level 11 in Earth Magic
 14516 | D:11     | Found a staircase to the Lair.
 14682 | D:11     | Noticed Joseph
 14903 | D:11     | Found Cit Sias' Magical Wand Boutique.
 15196 | D:11     | Killed Joseph
 15504 | Lair:1   | Entered Level 1 of the Lair of Beasts
 15523 | D:11     | Reached skill level 5 in Necromancy
 15951 | Lair:1   | Reached XP level 12. HP: 57/96 MP: 25/25
 16611 | Lair:1   | Reached skill level 12 in Earth Magic
 16853 | Lair:1   | Paralysed by a potion of paralysis for 5 turns
 17279 | Lair:2   | Reached skill level 5 in Armour
 18354 | Lair:3   | Found a staircase to the Swamp.
 18838 | Lair:3   | Found a crumbling entrance.
 18889 | Spider   | Entered a spider's nest
 19416 | Lair:3   | Reached skill level 5 in Fighting
 20520 | Lair:4   | Noticed a yellow wasp
 20525 | Lair:4   | Killed a yellow wasp
 20550 | Lair:4   | Reached skill level 13 in Earth Magic
 20702 | Lair:4   | Reached XP level 13. HP: 104/104 MP: 21/26
 20713 | Lair:4   | Reached skill level 10 in Dodging
 20751 | Lair:4   | Found a labyrinth entrance.
 20761 | Lab      | Entered a Labyrinth
 21118 | Lab      | Gained mutation: You are agile (Dex +2).
 21193 | Lab      | Identified a +0 rod of venom (9/9) (You found it in a Labyrinth)
 21206 | Lab      | Got an ancient long sword
 21207 | Lab      | Identified the long sword of Qinaneda {vamp, -TELE rF+ rC+ Dex+2 Int+3 Stlth++} (You found it in a Labyrinth)
 21363 | Lair:1   | Learned a level 5 spell: Phase Shift
 21374 | Lair:1   | Learned a level 5 spell: Dispel Undead
 21835 | Lair:5   | Found a staircase to the Shoals.
 21839 | Lair:5   | Reached skill level 10 in Invocations
 21840 | Lair:5   | Reached skill level 10 in Spellcasting
 22013 | Lair:5   | Reached skill level 1 in Translocations
 22746 | Lair:5   | Found a frozen archway.
 22814 | IceCv    | Entered an ice cave
 23407 | IceCv    | Identified a +2 elven cloak of preservation (You found it in an ice cave)
 24361 | IceCv    | Got a heavy robe
 24397 | IceCv    | Identified the +0 robe of Bitterness (You found it in an ice cave)
 24470 | Lair:5   | Reached skill level 5 in Transmutations
 24590 | Lair:5   | Gained mutation: You resist negative energy.
 24590 | Lair:5   | Reached XP level 14. HP: 115/115 MP: 20/27
 25392 | Lair:5   | Upgraded the game from 0.10.0-14-ga75c42d to 0.10.0-32-gfa280cc
 25646 | Lair:6   | Got a bloodstained ring mail
 25937 | Lair:6   | Reached skill level 14 in Earth Magic
 27811 | Lair:1   | Identified the +0 ring mail "Heamyot" (You found it on level 6 of the Lair of Beasts)
 28135 | Orc:1    | Entered Level 1 of the Orcish Mines
 28345 | Orc:1    | Reached skill level 10 in Conjurations
 28353 | Orc:1    | Found Laorr's Distillery.
 29237 | Orc:1    | Reached skill level 1 in Traps & Doors
 29401 | Orc:1    | Noticed Maurice
 29404 | Orc:1    | Killed Maurice
 30411 | Orc:3    | Noticed an orc warlord
 30447 | Orc:3    | Killed an orc warlord
 30817 | Orc:4    | Entered Level 4 of the Orcish Mines
 30960 | Orc:4    | Found a bloodstained altar of Trog.
 31032 | Orc:4    | Noticed an orc high priest
 31033 | Orc:4    | Killed an orc high priest
 31050 | Orc:4    | Noticed an orc high priest
 31060 | Orc:4    | Noticed an orc high priest
 31061 | Orc:4    | Noticed an orc high priest
 31063 | Orc:4    | Killed an orc high priest
 31287 | Orc:4    | Found Laurajoy's Armour Shoppe.
 31288 | Orc:4    | Noticed an orc high priest
 31555 | Orc:4    | Killed an orc high priest
 31558 | Orc:4    | Killed an orc high priest
 31559 | Orc:4    | Noticed Donald
 31591 | Orc:4    | Killed Donald
 31591 | Orc:4    | Reached skill level 5 in Translocations
 31682 | Orc:4    | Found a roughly hewn altar of Beogh.
 31711 | Orc:4    | Killed an orc high priest
 31763 | Orc:4    | Noticed an orc high priest
 31765 | Orc:4    | Killed an orc high priest
 31790 | Orc:4    | Found Klyibli's Antique Weapon Shoppe.
 31790 | Orc:4    | Found Sheagi's Armour Boutique.
 31901 | Orc:4    | Found Iwyuvuc's Magical Wand Boutique.
 32060 | Orc:4    | Bought a +2 dwarven helmet for 343 gold pieces
 32280 | Orc:4    | Found a staircase to the Elven Halls.
 32689 | Orc:4    | Noticed an orc warlord
 32712 | Orc:4    | Killed an orc warlord
 32892 | Orc:4    | Reached skill level 15 in Earth Magic
 33389 | D:12     | Noticed Erica
 33394 | D:12     | Killed Erica
 33394 | D:12     | Reached XP level 15. HP: 123/123 MP: 28/28
 33659 | D:12     | Found a shimmering altar of Xom.
 34899 | D:13     | Noticed Jozef
 34960 | D:13     | Killed Jozef
 35221 | D:13     | Noticed Josephine
 35232 | D:13     | Killed Josephine
 35569 | D:14     | Entered Level 14 of the Dungeon
 36474 | D:15     | Entered Level 15 of the Dungeon
 37612 | D:15     | Found Smyrousu's Antique Armour Emporium.
 38666 | D:16     | Noticed a yaktaur captain
 38832 | D:16     | Noticed Nessos
 38880 | D:16     | Killed Nessos
 39216 | D:16     | Noticed Snorg
 39237 | D:16     | Noticed Harold
 39239 | D:16     | Killed Snorg
 39239 | D:16     | Reached skill level 5 in Traps & Doors
 39445 | D:16     | Found a burning altar of Makhleb.
 39518 | D:16     | Killed Harold
 39715 | D:16     | Found a flagged portal. 39763
                  | bailey
                  | Entered the bailey 40273
                  | bailey
                  | Gained mutation: Your muscles are strong (Str +1).
 40410 | D:16     | Found Noufil's Jewellery Shop.
 40954 | D:16     | Reached skill level 16 in Earth Magic
 40960 | D:16     | Reached XP level 16. HP: 134/134 MP: 21/30
 41482 | D:16     | Noticed a deep elf high priest
 41492 | D:16     | Noticed a deep troll
 41492 | D:16     | a deep troll changed into a merfolk
 41630 | D:16     | Killed a deep elf high priest
 41633 | D:16     | Noticed a glowing shapeshifter
 41633 | D:16     | an eye of devastation changed into a glowing shapeshifter
 41634 | D:16     | a glowing shapeshifter changed into a giant slug
 41775 | D:16     | Gained mutation: Your muscles are strong (Str +2).
 41778 | D:16     | Noticed a yaktaur captain
 41782 | D:16     | Got a graven book
 41796 | D:16     | Got a blackened book
 41798 | D:16     | Identified Clebben's Reference Book on the Quantum Escort (You found it on level 16 of the Dungeon)
 41798 | D:16     | Identified the Reference Book on Shifting Earth (You found it on level 16 of the Dungeon)
 41952 | D:16     | Killed a yaktaur captain
 41952 | D:16     | Reached skill level 10 in Necromancy
 42203 | D:16     | Killed a yaktaur captain
 44004 | D:17     | Found a portal to a secret trove of treasure.
 45515 | D:18     | Reached XP level 17. HP: 142/142 MP: 31/31
 45524 | D:18     | Noticed a shadow dragon
 45524 | D:18     | Noticed Norris
 45564 | D:18     | Killed Norris
 45571 | D:18     | Killed a shadow dragon
 45829 | D:18     | Noticed a deep troll
 45904 | D:18     | Killed a deep troll
 47221 | Swamp:1  | Entered Level 1 of the Swamp
 49603 | Swamp:2  | Noticed Aizul
 49627 | Swamp:2  | Killed Aizul
 51091 | Swamp:3  | Noticed Frances
 51103 | Swamp:3  | Killed Frances
 51718 | Swamp:4  | Reached skill level 17 in Earth Magic
 52036 | Swamp:4  | Noticed Wiglaf
 52060 | Swamp:4  | Killed Wiglaf
 52208 | Swamp:4  | Noticed Kirke
 52479 | Swamp:4  | Gained mutation: You passively map a large area around you.
 52479 | Swamp:4  | Reached XP level 18. HP: 153/153 MP: 32/32
 52492 | Swamp:4  | Killed Kirke
 53031 | Swamp:4  | Noticed Rupert
 53388 | Swamp:5  | Entered Level 5 of the Swamp
 53906 | Swamp:5  | Noticed the 27-headed Lernaean hydra
 53931 | Swamp:5  | Killed the 27-headed Lernaean hydra
 53931 | Swamp:5  | Reached skill level 10 in Fighting
 53933 | Swamp:5  | Reached skill level 10 in Translocations
 54238 | Swamp:5  | Got a decaying rune of Zot
 55609 | Swamp:2  | Got a sapphire ring
 55612 | Swamp:2  | Identified the ring of the Mage {Int+3} (You found it on level 2 of the Swamp)
 55711 | Shoals:1 | Entered Level 1 of the Shoals
 56619 | Shoals:1 | Noticed Polyphemus
 56628 | Shoals:1 | Killed Polyphemus
 57936 | Shoals:3 | Reached XP level 19. HP: 162/162 MP: 3/33
 60648 | Elf:1    | Entered Level 1 of the Elven Halls
 60962 | Elf:1    | Found Coiwoema's Antique Armour Shoppe.
 60977 | Elf:1    | Bought a brightly glowing robe for 165 gold pieces
 60985 | Elf:1    | Identified the cursed +2 robe "Faruwole" (You bought it in a shop on level 1 of the Elven Halls)
 61012 | Elf:1    | Found Reus' Distillery.
 61156 | Elf:1    | Found Wivao's General Store.
 61324 | Elf:1    | Found Qaajies' Assorted Antiques.
 61407 | Elf:1    | Reached skill level 1 in Shields
 61554 | Elf:1    | Found Aleupnasi's Magical Wand Boutique.
 61912 | Elf:2    | Found Klaqupu's Food Boutique.
 62148 | Elf:2    | Reached skill level 18 in Earth Magic
 63552 | Elf:3    | Found Trot's Armour Shop.
 63823 | Elf:3    | Found Phangea's Book Shop.
 64655 | Elf:4    | Noticed Louise
 64682 | Elf:4    | Killed Louise
 64741 | Elf:4    | Found Vuduaxus' Distillery.
 65013 | Elf:4    | Noticed Nikola
 65029 | Elf:4    | Killed Nikola
 65576 | Elf:4    | Got a brightly glowing bronze ring
 65681 | Elf:4    | Identified the ring "Jyppuc" (You found it on level 4 of the Elven Halls)
 66233 | Lair:1   | Learned a level 1 spell: Summon Butterflies
 66242 | Lair:1   | Learned a level 7 spell: Controlled Blink
 66591 | D:19     | Noticed a fire elemental
 66592 | D:19     | Killed a fire elemental
 66593 | D:19     | Noticed a fire elemental
 66593 | D:19     | Killed a fire elemental
 66594 | D:19     | Noticed Azrael
 66597 | D:19     | Noticed a fire elemental
 66598 | D:19     | Noticed a fire elemental
 66598 | D:19     | Killed a fire elemental
 66600 | D:19     | Killed a fire elemental
 66600 | D:19     | Killed Azrael
 66600 | D:19     | Reached skill level 1 in Summonings
 67665 | D:19     | Noticed a shining eye
 67667 | D:19     | Killed a shining eye
 67782 | D:19     | Found a staircase to the Vaults.
 67968 | Vault:1  | Entered Level 1 of the Vaults
 67985 | Vault:1  | Noticed Agnes
 67999 | Vault:1  | Killed Agnes
 68213 | Vault:1  | Reached XP level 20. HP: 86/172 MP: 33/33
 68390 | Vault:1  | Reached skill level 5 in Shields
 68591 | Vault:1  | Noticed Saint Roka
 68617 | Vault:1  | Killed Saint Roka
 70694 | Vault:2  | Reached skill level 19 in Earth Magic
 70710 | Vault:2  | Paralysed by a red wasp for 1 turns
 70890 | Vault:2  | Paralysed by a red wasp for 2 turns
 70967 | Vault:2  | Found a basalt altar of Yredelemnul.
 70967 | Vault:2  | Found a staircase to the Crypt.
 70967 | Vault:2  | Found an ancient bone altar of Kikubaaqudgha.
 71691 | Vault:2  | Found a glowing golden altar of the Shining One.
 71698 | Vault:2  | Got a glittering tin ring
 71701 | Vault:2  | Identified the ring "Orahoura" {+Lev Str+3} (You found it on level 2 of the Vaults)
 72554 | Vault:3  | Noticed a deep elf mage
 72566 | Vault:3  | Noticed a deep elf priest
 72583 | Vault:3  | Killed a deep elf mage
 72587 | Vault:3  | Noticed a deep elf summoner
 72588 | Vault:3  | Killed a deep elf summoner
 72588 | Vault:3  | Killed a deep elf priest
 73051 | Vault:3  | Noticed Margery
 73350 | Vault:3  | You are cast into the Abyss!
 73350 | Vault:3  | Cast into the Abyss (Margery)
 73350 | Abyss    | Entered The Abyss
 73418 | Abyss    | Reached skill level 5 in Summonings
 73480 | Abyss    | Reached XP level 21. HP: 141/182 MP: 32/34
 73506 | Abyss    | Noticed a boulder beetle simulacrum
 73509 | Abyss    | Killed a boulder beetle simulacrum
 73589 | Abyss    | Noticed a tengu
 73795 | Vault:3  | You pass through the gate.
 74018 | Vault:3  | Killed Margery
 74109 | Vault:3  | Noticed a deep elf mage
 74112 | Vault:3  | Killed a deep elf mage
 74354 | Vault:3  | Noticed Frederick
 74376 | Vault:3  | Killed Frederick
 75917 | Vault:4  | Reached skill level 20 in Earth Magic
 76533 | Vault:4  | Found Crargh's Antique Weapon Boutique.
 77381 | Vault:5  | Noticed PaulusMax's ghost (mighty DEFE)
 77388 | Vault:5  | Killed PaulusMax's ghost
 77915 | Vault:5  | Found a staircase to the Hall of Blades.
 78116 | Vault:5  | Identified a +1 pair of boots of running (You found it on level 5 of the Vaults)
 78126 | Vault:5  | Reached XP level 22. HP: 193/193 MP: 35/35
 78595 | Vault:6  | Noticed Venekor's ghost (mighty HuAE)
 78624 | Vault:6  | Killed Venekor's ghost
 78872 | Vault:6  | Got a bloodstained robe
 79552 | Vault:6  | Reached skill level 21 in Earth Magic
 80003 | Vault:6  | Identified the cursed +1 robe of Wutus (You found it on level 6 of the Vaults)
 80255 | Vault:6  | Found Striaxana's Antique Weapon Boutique.
 81911 | Vault:7  | Reached XP level 23. HP: 199/202 MP: 9/36
 82059 | Vault:7  | Found a magical portal.
 82070 | WizLab   | Entered Iskenderun's Mystic Tower
 82642 | WizLab   | Reached skill level 22 in Earth Magic
 83311 | WizLab   | Got a levitating book
 83311 | WizLab   | Got a graven book
 83327 | WizLab   | Got a rare book
 83330 | WizLab   | Identified Iskenderun's Collected Works on Igneous Conjuration (You found it in Iskenderun's Mystic Tower)
 83330 | WizLab   | Identified Iskenderun's Tome of Confrontation (You found it in Iskenderun's Mystic Tower)
 83330 | WizLab   | Identified Chulor's Arcane Secrets of Magic (You found it in Iskenderun's Mystic Tower)
 84224 | Vault:7  | Paralysed by a giant eyeball for 4 turns
 84934 | Lair:1   | Learned a level 8 spell: Lehudib's Crystal Spear
 84946 | Lair:1   | Learned a level 3 spell: Flight
 85152 | Shoals:5 | Entered Level 5 of the Shoals
 85221 | Shoals:5 | Noticed Ilsuiw
 85265 | Shoals:4 | Killed Ilsuiw
 85458 | Shoals:5 | Got a barnacled rune of Zot
 86748 | Shoals:5 | Got a bloodstained double sword
 87639 | Lair:1   | Identified the double sword of Joyful Slaughter {speed, rF+} (You found it on level 5 of the Shoals)
 88086 | Crypt:1  | Entered Level 1 of the Crypt
 89493 | Crypt:2  | Reached XP level 24. HP: 200/214 MP: 20/36
 89597 | Crypt:2  | Reached XP level 23. HP: 205/205 MP: 0/47
 89607 | Crypt:2  | Reached skill level 23 in Earth Magic
 90644 | Crypt:2  | Reached XP level 24. HP: 214/214 MP: 36/36
 90981 | Crypt:3  | Reached skill level 15 in Spellcasting
 92183 | Crypt:3  | Found a staircase to the Tomb.
 92413 | Crypt:4  | Identified a -1 rod of demonology (11/11) (You found it on level 4 of the Crypt)
 93176 | Crypt:5  | Entered Level 5 of the Crypt
 93588 | Crypt:5  | Found an ancient bone altar of Kikubaaqudgha.
 93703 | Crypt:5  | Noticed a reaper
 93733 | Crypt:5  | Killed a reaper
 93904 | Crypt:5  | Noticed a reaper
 93905 | Crypt:5  | Noticed a reaper
 93911 | Crypt:5  | Killed a reaper
 94193 | Crypt:5  | Noticed a reaper
 94204 | Crypt:5  | Killed a reaper
 94361 | Crypt:5  | Noticed a reaper
 94385 | Crypt:5  | Noticed a lich
 94386 | Crypt:5  | Killed a lich
 94386 | Crypt:5  | Reached skill level 10 in Summonings
 94398 | Crypt:5  | Noticed an ancient lich
 94425 | Crypt:5  | Killed an ancient lich
 94630 | Crypt:5  | Killed a reaper
 94731 | Crypt:5  | Got a pitted ivory ring
 94738 | Crypt:5  | Got a pair of polished gloves
 94746 | Crypt:5  | Identified the +1 pair of gloves of Gehenna (You found it on level 5 of the Crypt)
 94774 | Crypt:5  | Identified the ring of Lugonu's Approval {Dex-3} (You found it on level 5 of the Crypt)
 94822 | Crypt:5  | Killed a reaper
 95226 | Crypt:5  | Noticed a reaper
 95234 | Crypt:5  | Reached skill level 15 in Dodging
 95234 | Crypt:5  | Killed a reaper
 95243 | Crypt:5  | Got a pitted quarterstaff
 95244 | Crypt:5  | Identified the quarterstaff of Tension {pain, rElec rC+} (You found it on level 5 of the Crypt)
 95809 | Crypt:5  | Reached skill level 1 in Staves
 95997 | Crypt:5  | Reached XP level 25. HP: 224/224 MP: 5/37
 97485 | Lair:1   | Learned a level 9 spell: Shatter
 97884 | Elf:5    | Entered Level 5 of the Elven Halls
 98570 | Elf:5    | Found a deep blue altar of Sif Muna.
 98696 | Elf:5    | Got a heavily jewelled robe
 98958 | Elf:5    | Reached skill level 24 in Earth Magic
 99070 | Elf:5    | Got a dazzling hand axe
 99072 | Elf:5    | Got a warped scythe
 99099 | Elf:5    | Noticed a deep elf blademaster
 99102 | Elf:5    | Killed a deep elf blademaster
 99412 | Elf:5    | Got a warped quarterstaff
 99433 | Elf:5    | Noticed a deep elf master archer
 99449 | Elf:5    | Killed a deep elf master archer
 99473 | Elf:5    | Noticed a deep elf blademaster
 99493 | Elf:5    | Killed a deep elf blademaster
 99889 | Elf:5    | Got a crude quarterstaff
 99901 | Elf:5    | Got a wavering marble ring
 99914 | Elf:5    | Got a glistering book
100119 | Elf:5    | Got a pitted blowgun
100131 | Elf:5    | Noticed a deep elf master archer
100134 | Elf:5    | Killed a deep elf master archer
100528 | Lair:1   | Identified the hand axe of Yjeubb {flame, MR} (You took it off a deep elf annihilator on level 5 of the Elven Halls)
100530 | Lair:1   | Identified the quarterstaff "Vogum" {crush, Int+4} (You took it off a deep elf conjurer on level 5 of the Elven Halls)
100531 | Lair:1   | Identified the cursed quarterstaff "Neddae" {pain, Int-5} (You took it off a deep elf demonologist on level 5 of the Elven Halls)
100539 | Lair:1   | Identified the +2 robe "Sarchug" (You found it on level 5 of the Elven Halls)
100561 | Lair:1   | Identified the ring "Skaff" (You found it on level 5 of the Elven Halls)
100585 | Lair:1   | Identified the Papyrus of Mutagenic Ignition (You found it on level 5 of the Elven Halls)
100598 | Lair:1   | Identified the cursed blowgun "Newt's Funeral" {speed, rElec MR SInv Stlth+} (You found it on level 5 of the Elven Halls)
101379 | Blade    | Entered the Hall of Blades
103055 | Vault:8  | Entered Level 8 of the Vaults
103057 | Vault:8  | Reached skill level 10 in Traps & Doors
103057 | Vault:8  | Reached XP level 26. HP: 235/235 MP: 34/38
103068 | Vault:8  | Noticed a guardian serpent
103068 | Vault:8  | a merfolk changed into a guardian serpent
103243 | Vault:8  | Killed a guardian serpent
103246 | Vault:8  | Noticed a guardian serpent
103247 | Vault:8  | a guardian serpent changed into an elf
103399 | Vault:8  | Noticed a deep elf high priest
103401 | Vault:8  | Killed a deep elf high priest
103409 | Vault:8  | Noticed Boris
103557 | Vault:8  | Killed Boris
103566 | Vault:8  | Noticed a shining eye
103566 | Vault:8  | an emperor scorpion changed into a shining eye
103567 | Vault:8  | a shining eye changed into an anaconda
103568 | Vault:8  | Noticed a pulsating lump
103568 | Vault:8  | an anaconda changed into a pulsating lump
103575 | Vault:8  | a pulsating lump changed into a hill giant
103577 | Vault:8  | Noticed a golden dragon
103582 | Vault:8  | Noticed an iron dragon
103584 | Vault:8  | Killed a golden dragon
103584 | Vault:8  | Reached skill level 25 in Earth Magic
103755 | Vault:8  | Killed an iron dragon
103761 | Vault:8  | Noticed a deep elf demonologist
103898 | Vault:8  | Noticed a quicksilver dragon
103898 | Vault:8  | Killed a deep elf demonologist
103919 | Vault:7  | Killed a quicksilver dragon
103919 | Vault:7  | Reached skill level 5 in Staves
104081 | Vault:8  | Noticed a bone dragon
104082 | Vault:8  | Noticed a golden dragon
104088 | Vault:8  | Killed a bone dragon
104089 | Vault:8  | Noticed a deep elf sorcerer
104090 | Vault:8  | Paralysed by a red wasp for 3 turns
104105 | Vault:7  | Killed a golden dragon
104295 | Vault:8  | Reached XP level 27. HP: 243/243 MP: 27/39
104295 | Vault:8  | Killed a deep elf sorcerer
104686 | Vault:8  | Noticed a pulsating lump
104686 | Vault:8  | a draconian changed into a pulsating lump
104688 | Vault:8  | Noticed a shining eye
104688 | Vault:8  | a pulsating lump changed into a shining eye
104690 | Vault:8  | Killed a shining eye
104957 | Vault:8  | Found Qovetwiv's Antique Weapon Shoppe.
104964 | Vault:8  | Noticed a shining eye
104964 | Vault:8  | a sea snake changed into a shining eye
104967 | Vault:8  | Killed a shining eye
105204 | Vault:8  | Found Traboxka's Distillery.
105208 | Vault:8  | Bought a potion of heal wounds for 75 gold pieces
105216 | Vault:8  | Found Shrapn Weer's Distillery.
105241 | Vault:8  | Found Kexzaaw's Distillery.
105245 | Vault:8  | Bought a potion of heal wounds for 60 gold pieces
105327 | Vault:8  | Noticed a deep elf death mage
105333 | Vault:8  | Killed a deep elf death mage
105609 | Vault:8  | Reached skill level 15 in Conjurations
105742 | Vault:8  | Noticed a deep elf high priest
105743 | Vault:8  | Killed a deep elf high priest
106005 | Vault:8  | Found Yhoulenock's Magical Wand Shop.
106009 | Vault:8  | Found Kimeosuz's Magic Scroll Shoppe.
106013 | Vault:8  | Got a silver rune of Zot
106019 | Vault:8  | Bought a scroll of enchant armour for 66 gold pieces
106019 | Vault:8  | Bought a scroll of recharging for 66 gold pieces
106019 | Vault:8  | Bought a scroll of blinking for 66 gold pieces
106019 | Vault:8  | Bought a scroll of enchant armour for 66 gold pieces
106019 | Vault:8  | Bought a scroll of identify for 24 gold pieces
106019 | Vault:8  | Bought a scroll of identify for 24 gold pieces
106019 | Vault:8  | Bought a scroll of teleportation for 36 gold pieces
106025 | Vault:8  | Found Ofru's Jewellery Shoppe.
106030 | Vault:8  | Bought the ring of Omug {rN+ Int+5 Stlth++} for 883 gold pieces
106035 | Vault:8  | Found Gapad Jou's Magic Scroll Shop.
106040 | Vault:8  | Bought a scroll of blinking for 126 gold pieces
106040 | Vault:8  | Bought a scroll of blinking for 126 gold pieces
106040 | Vault:8  | Bought a scroll of recharging for 126 gold pieces
106980 | D:20     | Entered Level 20 of the Dungeon
108213 | D:20     | Reached skill level 10 in Armour
108761 | D:21     | Found a gateway to Hell.
108976 | D:21     | Found a gateway to a ziggurat.
110621 | D:22     | Found a shimmering altar of Xom.
111846 | D:23     | Found a bloodstained altar of Trog.
112724 | D:23     | Reached skill level 26 in Earth Magic
112948 | D:24     | Found a one-way gate leading to the halls of Pandemonium.
113828 | D:25     | Entered Level 25 of the Dungeon
114094 | D:25     | Found Ameiko Grur's Magical Wand Shoppe.
114484 | D:25     | Reached skill level 10 in Shields
114625 | D:25     | Found a one-way gate to the infinite horrors of the Abyss.
115280 | D:26     | Noticed a quicksilver dragon
115282 | D:26     | Killed a quicksilver dragon
116146 | D:26     | Found a sparkling altar of Nemelex Xobeh.
116599 | D:26     | Reached skill level 15 in Fighting
116734 | D:26     | Noticed a deep elf sorcerer
116735 | D:26     | Killed a deep elf sorcerer
116849 | D:26     | Got a flimsy blue robe
116870 | D:26     | Identified the +3 robe of Clouds (You found it on level 26 of the Dungeon)
117044 | D:27     | Entered Level 27 of the Dungeon
117280 | D:27     | Found a gateway to a ziggurat.
117903 | D:27     | Reached skill level 15 in Necromancy
118380 | D:27     | Found a glowing golden altar of the Shining One.
119650 | Lair:1   | Learned a level 6 spell: Mass Abjuration
120316 | Zot:1    | Entered Level 1 of the Realm of Zot
122565 | Zot:2    | Noticed Vidiiot's ghost (great MiDK)
122577 | Zot:2    | Killed Vidiiot's ghost
122943 | Zot:2    | Reached skill level 27 in Earth Magic
125916 | Zot:4    | Paralysed by you for 5 turns
126937 | Zot:4    | Reached skill level 10 in Staves
128679 | Lair:8   | Entered Level 8 of the Lair of Beasts
128996 | Lair:8   | Found a staircase to the Slime Pits.
130202 | Slime:1  | Entered Level 1 of the Pits of Slime
130755 | Lair:1   | Learned a level 4 spell: Dig
131756 | Slime:3  | Gained mutation: You are agile (Dex +3).
131757 | Slime:3  | Gained mutation: You have a pair of small antennae on your head.
132290 | Slime:6  | Entered Level 6 of the Pits of Slime
132912 | Slime:6  | Noticed the royal jelly
133287 | Slime:6  | Killed the royal jelly
133465 | Slime:6  | Got a pitted steel ring
133506 | Slime:6  | Got a scintillating ivory ring
133524 | Slime:6  | Got a fine pewter ring
133538 | Slime:6  | Got a polished staff
133604 | Slime:6  | Got a slimy rune of Zot
133617 | Slime:6  | Identified the staff of Day {crush, rPois rN+} (You found it on level 6 of the Pits of Slime)
133626 | Slime:6  | Identified the ring "Quoze" {+Lev Dex+3 Int+5} (You found it on level 6 of the Pits of Slime)
133629 | Slime:6  | Identified the cursed ring of Kimag Xeduo {Str+2 Dex+3 Curse} (You found it on level 6 of the Pits of Slime)
133629 | Slime:6  | Identified the cursed ring "Galatis" (You found it on level 6 of the Pits of Slime)
133631 | Slime:6  | Identified a +0 rod of striking (9/9) (You found it on level 6 of the Pits of Slime) 134051
                  | bazaar
                  | Entered a bazaar 134051
                  | bazaar
                  | Found Esotzikh's General Store. 134064
                  | bazaar
                  | Bought a scroll of recharging for 38 gold pieces 134067
                  | bazaar
                  | Found Shritroept's Antique Weapon Emporium. 134079
                  | bazaar
                  | Found Osiada's Magical Wand Boutique. 134090
                  | bazaar
                  | Found Frug's Antique Armour Boutique. 134102
                  | bazaar
                  | Found Imehuim's Magic Scroll Emporium. 134154
                  | bazaar
                  | Bought a scroll of teleportation for 39 gold pieces 134154
                  | bazaar
                  | Bought a scroll of identify for 26 gold pieces
134645 | Hell     | Entered the Vestibule of Hell
134645 | Hell     | Noticed Geryon
134649 | Hell     | You are cast into the Abyss!
134649 | Hell     | Cast into the Abyss (hell knight)
134708 | Abyss    | Noticed tsouns' ghost (experienced TrBe)
134714 | Abyss    | Killed tsouns' ghost
134994 | Abyss    | Found a corrupted altar of Lugonu.
135155 | Abyss    | Noticed a white ugly thing
135313 | Hell     | You pass through the gate.
135365 | Hell     | Killed Geryon
136603 | Dis:1    | Entered Level 1 of the Iron City of Dis
137164 | Dis:7    | Entered Level 7 of the Iron City of Dis
137356 | Dis:7    | Noticed a Brimstone Fiend
137359 | Dis:7    | Killed a Brimstone Fiend
137410 | Dis:7    | Got a brightly glowing steel ring
137414 | Dis:7    | Identified the ring "Ziamou" (You found it on level 7 of the Iron City of Dis)
137447 | Dis:7    | Noticed Dispater
137464 | Dis:7    | Noticed a Brimstone Fiend
137477 | Dis:7    | Killed Dispater
137477 | Dis:7    | Reached skill level 15 in Armour
137477 | Dis:7    | Reached skill level 5 in Stealth
137591 | Dis:7    | Killed a Brimstone Fiend
137631 | Dis:7    | Got a golden staff
137658 | Dis:7    | Noticed a Brimstone Fiend
137708 | Dis:7    | Gained mutation: You are partially covered in rugged brown scales (AC +2, +3% HP).
137798 | Dis:7    | Got a smoking bone amulet
137802 | Dis:7    | Identified the amulet of Departure (You found it on level 7 of the Iron City of Dis)
137842 | Dis:7    | Got a twisted mace
137844 | Dis:7    | Got an iron rune of Zot
137869 | Dis:7    | Killed a Brimstone Fiend
137982 | Dis:7    | Noticed an iron dragon
137986 | Dis:7    | Killed an iron dragon
138120 | Dis:7    | Got a slimy silver ring
138129 | Dis:7    | Got an ancient spear
138457 | Dis:7    | Noticed a Brimstone Fiend
138459 | Dis:7    | Killed a Brimstone Fiend
138471 | Dis:7    | Got a slimy hand axe
138500 | Dis:7    | Noticed an iron dragon
138500 | Dis:7    | Noticed an iron dragon
138505 | Dis:7    | Killed an iron dragon
138507 | Dis:7    | Killed an iron dragon
138715 | Hell     | Identified the ring "Jexzecau" {+Lev} (You found it on level 7 of the Iron City of Dis)
139148 | Lair:1   | Identified the Staff of Dispater (You took it off Dispater on level 7 of the Iron City of Dis)
139149 | Lair:1   | Identified the cursed mace of Traym {venom, MR Int+2} (You found it on level 7 of the Iron City of Dis)
139187 | Lair:1   | Learned a level 6 spell: Iron Shot
140642 | Zot:5    | Entered Level 5 of the Realm of Zot
143326 | Zot:5    | Noticed an ancient lich
143330 | Zot:5    | Killed an ancient lich
143390 | Zot:5    | Noticed an ancient lich
143396 | Zot:5    | Killed an ancient lich
143513 | Zot:5    | Noticed an orb of fire
143519 | Zot:5    | Killed an orb of fire
143970 | Zot:5    | Noticed an orb of fire
143980 | Zot:5    | Killed an orb of fire
144366 | Zot:5    | Noticed an orb of fire
144413 | Zot:5    | Noticed an orb of fire
144447 | Zot:5    | Killed an orb of fire
144461 | Zot:5    | Killed an orb of fire
144486 | Zot:5    | Noticed an orb of fire
144496 | Zot:5    | Killed an orb of fire
144496 | Zot:5    | Reached skill level 10 in Transmutations
145263 | Zot:5    | Got the Orb of Zot
145283 | Zot:5    | Noticed an ancient lich
145663 | D:19     | Noticed Bro Pnon the pandemonium lord
145704 | D:18     | Noticed Gyex the pandemonium lord
146115 | D:$      | Escaped with the Orb!
